 Dungeon Crawl Stone Soup version 0.30.1 (webtiles) character file.

Game seed: 5581274282634609511

192 AgateBread the Shield-Bearer (level 5, 48/48 HPs)
             Began as a Minotaur Fighter on July 3, 2023.
             Quit the game on level 4 of the Dungeon.
             The game lasted 00:11:58 (3445 turns).

AgateBread the Shield-Bearer (Minotaur Fighter)     Turns: 3445, Time: 00:11:59

Health: 48/48      AC: 12    Str: 27    XL:     5   Next: 42%
Magic:  4/4        EV:  7    Int:  5    God:
Gold:   173        SH:  5    Dex: 11    Spells: 4/4 levels left

rFire   . . .        a - +0 long sword
rCold   . . .        c - +0 buckler
rNeg    . . .        D - +0 plate armour
rPois   .            (helmet restricted)
rElec   .            (no cloak)
rCorr   .            (no gloves)
SInv    .            (no boots)
Will    .....        (no amulet) Stlth
                     h - +6 ring of strength
HPRegen 0.28/turn    (no ring)
MPRegen 0.09/turn

%: no passive effects
@: no status effects
A: horns 2, retaliatory headbutt
a: no special abilities


You were on level 4 of the Dungeon.
You visited 1 branch of the dungeon, and saw 4 of its levels.

You collected 173 gold pieces.

Inventory:

Hand Weapons
 a - a +0 long sword (weapon)
 g - a +2 dagger of protection
 C - a +0 hand axe
 F - a +0 sling
Missiles
 s - 22 poisoned darts (quivered)
 z - 5 datura-tipped darts
 B - 3 silver boomerangs
 E - 4 javelins
Armour
 b - a +0 scale mail
 c - a +0 buckler (worn)
 D - a +0 plate armour (worn)
Jewellery
 h - a +6 ring of strength (left hand)
 u - a ring of ice
 y - a ring of protection from cold
Wands
 m - a wand of light (1)
Scrolls
 e - 3 scrolls of teleportation
 l - a scroll of brand weapon {unknown}
 n - 2 scrolls of noise
 p - 2 scrolls of magic mapping
 q - a scroll of fog {unknown}
 v - a scroll of blinking {unknown}
Potions
 d - a potion of might
 f - a potion of haste
 i - 3 potions of curing
 j - a potion of berserk rage {unknown}
 o - a potion of lignification {unknown}
 r - a potion of mutation {unknown}
 t - a potion of magic {unknown}
 w - 2 potions of cancellation {unknown}
 x - a potion of degeneration {unknown}
 A - a potion of heal wounds {unknown}


   Skills:
 + Level 5.2 Fighting
 - Level 2.4 Long Blades
 + Level 5.2 Armour
 + Level 5.2 Shields


You had 4 spell levels left.
You didn't know any spells.
Your spell library contained the following spells:

 Spells                   Type           Power      Damage    Failure   Level
 Dazzling Flash           Conj/Hex       0%         N/A       100%        3
 Vhi's Electric Charge    Tloc/Air       0%         N/A       100%        3
 Agony                    Necr           0%         N/A       100%        5
 Arcjolt                  Conj/Air       0%         1d10      100%        5
 Silence                  Hex/Air        0%         N/A       100%        5
 Plasma Beam              Fire/Air       0%         2x1d11    100%        6


Dungeon Overview and Level Annotations

Branches:
Dungeon (4/15)
 Temple: D:4-7

Altars:
Qazlal
Trog

Shops:
D:2 (


Innate Abilities, Weirdness & Mutations

You have a pair of horns on your head.
You reflexively headbutt those who attack you in melee.


Message History

It is a scroll of identify.
n - 2 scrolls of noise
As you read the scroll of identify, it crumbles to dust.
p - 2 scrolls of magic mapping
As you read the scroll of identify, it crumbles to dust.
f - a potion of haste
Okay, then.
Things that are here:
a +0 club; a +0 leather armour
Things that are here:
a +0 club; a +0 leather armour
There is a stone staircase leading down here.
You climb downwards.
There is a stone staircase leading up here.
Okay, then.
Unknown command.
You start removing your armour.
You continue taking off your +0 scale mail. x4
You finish taking off your +0 scale mail.
You start putting on your armour.
You continue putting on your +0 plate armour. x5
You finish putting on your +0 plate armour.
Found a glowing grey potion.
Your movement speed is average.
Your attack delay is about 1.3.
Your damage rating with your +0 long sword is about 11 (Base 10 x 102% (Dex) x 113% (Skill)).
Your base attributes are Str 21, Int 5, Dex 11.
Found a scroll of noise and a potion of curing.
w - 2 glowing grey potions (gained 1)
i - 3 potions of curing (gained 1)
Found 8 stones.
You open the door.
There is an open door here.
You open the door.
There is an open door here.
There is an open door here.
Found 11 gold pieces.
You now have 173 gold pieces (gained 11).
Okay, then.
Unknown command.
Are you sure you want to abandon this character and quit the game? (Confirm with "yes".)

#........ .......
#.....# #.....#
#.....#....(.#
#.....+......#
#.....#......# #....@#
.....# #.. #.##..# #...#
#####..####.##+####...##
........#....#.........#
.......#....#.........#
#.....#....#.........#
#.....#....#.........#
#.....#....#.........#
#.....'....'.........#


There were no monsters in sight!

Vanquished Creatures
  Ijyb (D:3)
  Natasha (twice) (D:3)
  An adder (D:3)
  A gnoll (D:1)
  An ufetubus (D:3)
  3 worms (D:3)
  4 dart slugs
  An orc (D:3)
  6 ball pythons
  6 endoplasms
  3 giant cockroaches
  6 goblins
  4 hobgoblins
  7 jackals (D:2)
  9 kobolds
  2 quokkas
  5 bats
  2 frilled lizards
  12 rats
76 creatures vanquished.

Vanquished Creatures (others)
  An endoplasm (D:3)
1 creature vanquished.

Grand Total: 77 creatures vanquished

Notes
Turn   | Place    | Note
-------+----------+-------------------------------------------
     0 | D:1      | AgateBread the Minotaur Fighter began the quest for the
                  | Orb.
     0 | D:1      | Reached XP level 1. HP: 19/19 MP: 0/0
   106 | D:1      | Reached XP level 2. HP: 26/27 MP: 1/1
   730 | D:1      | Reached XP level 3. HP: 33/33 MP: 2/2
  1982 | D:2      | Found Guczus's Weapon Boutique.
  2199 | D:3      | Reached XP level 4. HP: 34/41 MP: 3/3
  2327 | D:3      | You fall into a shaft and drop 1 floor!
  2608 | D:3      | Noticed a moth of wrath
  2612 | D:3      | Found a bloodstained altar of Trog.
  2646 | D:3      | Found a stormy altar of Qazlal.
  2669 | D:3      | Noticed Ijyb
  2687 | D:3      | Killed Ijyb
  2713 | D:3      | Noticed Natasha
  2718 | D:3      | Killed Natasha
  2719 | D:3      | Reached skill level 5 in Fighting
  2719 | D:3      | Reached skill level 5 in Armour
  2719 | D:3      | Reached skill level 5 in Shields
  2719 | D:3      | Reached XP level 5. HP: 20/48 MP: 4/4
  2722 | D:3      | Found a faded altar of an unknown god.
  3252 | D:3      | Noticed Natasha
  3257 | D:3      | Killed Natasha
  3445 | D:4      | Quit the game

Illustrated notes

Levels and vault maps discovered:
D:1:      dpeg_arrival_rooms_with_view, layout_loops_cross,
          serial_co_window_serial, co_window_paths_a, co_window_corner_a,
          co_window_paths_a, co_window_paths_a, co_window_corner_a,
          co_window_corner_ca, co_window_unsneaky_path_c,
          co_window_of_opportunity_c, co_window_corner_ca, co_window_cross_3,
          co_window_corner_b
D:2:      layout_loops_ring, serial_shops, nicolae_shop_trees,
          ebering_dispersal_statue_hall
D:3:      layout_loops_ring, tgw_trog, mainiacjoe_overflow_paths,
          hellmonk_ecumenical_altar_inner_sanctum, portal_sewer_entry_e,
          hangedman_abyss_or_decor_stabs, minmay_misc_feat_rows, uniq_ijyb,
          uniq_natasha
D:4:      layout_gridville, nicolae_overflow_hidden_temple,
          minmay_temple_entry_nine_rooms, minmay_misc_feat_enclosed

Skill      XL: |  1  2  3  4 |
---------------+-------------+-----
Armour         | 4 5 |  5.2
Fighting       | 4 5 |  5.2
Shields        | 4 5 |  5.2
Long Blades    | |  2.4

Action                     |  1- 3 |  4- 6 || total
---------------------------+-------+-------++-------
  Melee: Long sword        |   106 |    68 ||   174
         Headbutt          |     9 |    11 ||    20
  Throw: Javelin           |       |     4 ||     4
    Use: Scroll            |     1 |     3 ||     4
 Armour: Scale mail        |    43 |    37 ||    80
  Dodge: Dodged            |    45 |    36 ||    81
  Block: Buckler           |    32 |    19 ||    51
